 Dungeon Sprint DCSS version 0.20-a0-839-gdaf5c57 (webtiles) character file.

1227 Kidiri the Thaumaturge (level 8, 0/49 HPs)
             Began as a Deep Elf Fire Elementalist on Mar 8, 2017.
             Was a Believer of Vehumet.
             Slain by Snorg (2 damage)
             ... in the Dungeon (Sprint III: "The Ten Rune Challenge").
             The game lasted 00:08:07 (839 turns).

Kidiri the Thaumaturge (Deep Elf Fire Elementalist)  Turns: 839, Time: 00:08:08

Health: 0/49       AC:  2    Str:  8    XL:     8   Next: 23%
Magic:  8/26       EV: 18    Int: 23    God:    Vehumet [**....]
Gold:   27         SH:  0    Dex: 17    Spells: 11/31 levels left

rFire    . . .     SeeInvis .   k - +0 dagger
rCold    . . .     Gourm    .   a - +0 robe
rNeg     . . .     Faith    .   (no shield)
rPois    .         Spirit   .   (no helmet)
rElec    .         Reflect  .   (no cloak)
rCorr    .         Harm     .   (no gloves)
MR       .....     NoTele   +   (no boots)
Stlth    +++.......             (no amulet)
Regen    0.2/turn               (no ring)
MPRegen  0.2/turn               m - +3 ring of strength

@: very slightly contaminated, hasted, very quick
A: thin skeletal structure 1, screaming 1, wild magic 1
a: Renounce Religion


You were in the Dungeon.
You worshipped Vehumet.
Vehumet was pleased with you.
You were not hungry.

You visited 1 branch You collected 27 gold pieces.

Inventory:

Hand Weapons
 k - a +0 dagger (weapon)
Armour
 a - a +0 robe (worn)
Jewellery
 m - a +3 ring of strength (left hand)
Scrolls
 n - 2 scrolls of immolation
 s - a scroll of amnesia {unknown}
 t - a scroll of remove curse {unknown}
Potions
 d - a potion of curing
 e - 2 potions of heal wounds
 g - 2 potions of magic
 h - a potion of berserk rage
 q - a potion of brilliance
 r - 3 potions of flight
Comestibles
 c - a bread ration
 l - 2 chunks of flesh
 p - 3 fruits
 u - 2 royal jellies


   Skills:
 + Level 5.1 Fighting
 + Level 5.8 Short Blades
 + Level 5.2 Armour
 + Level 8.0 Dodging
 - Level 2.4 Stealth
 * Level 12.1 Spellcasting
 + Level 7.0 Conjurations
 + Level 7.9 Fire Magic
 + Level 1.8 Air Magic
 + Level 1.5 Poison Magic


You had 11 spell levels left.
You knew the following spells:

 Your Spells              Type           Power        Failure   Level  Hunger
a - Flame Tongue          Conj/Fire      #####        1%          1    None
b - Throw Flame           Conj/Fire      ######       1%          2    None
c - Conjure Flame         Conj/Fire      ######..     1%          3    None
d - Inner Flame           Hex/Fire       #####...     4%          3    None
e - Sticky Flame          Conj/Fire      ######..     3%          4    None
f - Fireball              Conj/Fire      ######....   12%         5    ####...
g - Shock                 Conj/Air       ####         1%          1    None
h - Sting                 Conj/Pois      ####         1%          1    None


Dungeon Overview and Level Annotations

Branches:
Dungeon (1/1)

Altars:
Cheibriados
Dithmenos
Elyvilon
Fedhas
Gozag
Hepliaklqana
Kikubaaqudgha
Makhleb
Nemelex Xobeh
Okawaru
Qazlal
Ru
Sif Muna
Trog
Uskayaw
Vehumet
Wu Jian
Xom
Yredelemnul
Zin
The Shining One
Beogh
Jiyva
Lugonu

Annotations:
D Snorg


Innate Abilities, Weirdness & Mutations

You have a somewhat thin skeletal structure. (Dex +2, Stealth)
You occasionally shout uncontrollably at your foes.
Your spells are a little harder to cast, but a little more powerful.


Message History

Snorg is engulfed in a cloud of scalding steam.
Snorg is engulfed in blazing flames.
Snorg completely misses you. Snorg claws you. x2
Casting: Conjure Flame
Confirm with . or Enter, or press ? or * to list all spells.
Aiming: Sticky Flame
Press: ? - help, Shift-Dir - straight line, f - Snorg
Aim: Snorg (flame, heavily wounded, berserk, fast, unusually strong)
The sticky flame hits Snorg.
Snorg is heavily wounded.
Snorg is covered in liquid flames!
Snorg burns!
Snorg is engulfed in blazing flames.
Snorg closely misses you. Snorg barely misses you. Snorg misses you.
Unknown command.
You feel yourself speed up.
Snorg burns!
Snorg is engulfed in blazing flames.
Snorg bites you!! Snorg closely misses you. Snorg barely misses you.
Snorg is engulfed in blazing flames.
Snorg bites you!
* * * LOW HITPOINT WARNING * * *
Snorg claws you.
You die...

▓▓▓▓▓▓▓▓▓▓▓▓ ▓▓▓ <.#..+.....♣♣
♣.############ ..#..#......♣
♣♣.#___#___#__# #÷####.....♣♣
♣..#..)#__)#._# .....#....≈.♣
♣..###+#+###+##
.....#.÷.≈≈.♣♣♣♣.#..........#
....(#..≈≈≈≈.♣..@T.§..)%....#
####'#..≈≈≈≈≈≈...#...######'#
[....#.≈≈≈≈≈≈....#.⌠.#__#...#+###
.....#.≈≈≈≈≈.....#...#__#...#..≈≈
.....#.≈≈≈.......#'###__#...#.#≈§
'#####...........#)::#__#...'.#.§
.................#___#__+...#.#§§
▓▓▓▓▓▓▓▓▓▓▓▓▓▓▓▓▓▓▓▓▓▓▓▓▓▓▓▓▓▓▓▓▓


You could see Snorg (berserk).

Vanquished Creatures
  A deep elf mage (D)
  A shadow (D)
  A spatial vortex (D)
  A necrophage (D)
  A water elemental (D)
  A jelly (D)
  A wizard (D)
  Jessica (D)
  A necromancer (D)
  3 humans (D)
  A kobold demonologist (D)
  A wolf (D)
  An ooze (D)
  A rat (D)
16 creatures vanquished.

Vanquished Creatures (others)
  2 draconian scorchers (D)
  3 yaktaurs (D)
  6 hellions (D)
11 creatures vanquished.

Grand Total: 27 creatures vanquished

Notes
Turn   | Place    | Note
-------+----------+-------------------------------------------
     0 | D        | Kidiri the Deep Elf Fire Elementalist began the quest for the Orb.
     0 | D        | Reached XP level 1. HP: 10/10 MP: 6/6
     7 | D        | Reached skill level 4 in Spellcasting
    42 | D        | Killed a yaktaur
    79 | D        | Noticed Jessica
    87 | D        | Killed Jessica
    87 | D        | Reached skill level 1 in Fighting
    87 | D        | Reached skill level 1 in Armour
    87 | D        | Reached skill level 5 in Spellcasting
    87 | D        | Reached XP level 2. HP: 16/16 MP: 3/10
    87 | D        | Reached XP level 3. HP: 20/20 MP: 3/11
    91 | D        | Learned a level 2 spell: Throw Flame
    95 | D        | Learned a level 3 spell: Conjure Flame
    99 | D        | Learned a level 3 spell: Inner Flame
   142 | D        | Killed a hellion
   144 | D        | Killed a hellion
   145 | D        | Killed a hellion
   149 | D        | Killed a hellion
   230 | D        | Killed a white draconian scorcher
   274 | D        | Reached skill level 1 in Short Blades
   274 | D        | Reached skill level 6 in Spellcasting
   278 | D        | Killed a white draconian scorcher
   298 | D        | Gained mutation: You are robust. (+10% HP) [potion of mutation]
   298 | D        | Gained mutation: Your body sometimes deteriorates upon taking damage. [potion of mutation]
   298 | D        | Gained mutation: You are somewhat resistant to further mutation. [potion of mutation]
   299 | D        | Lost mutation: Your body sometimes deteriorates upon taking damage. [potion of mutation]
   299 | D        | Lost mutation: You are somewhat resistant to further mutation. [potion of mutation]
   299 | D        | Lost mutation: You are robust. (+10% HP) [potion of mutation]
   299 | D        | Gained mutation: You are weak. (Str -2) [potion of mutation]
   299 | D        | Gained mutation: You have an increased reservoir of magic. (+10% MP) [potion of mutation]
   300 | D        | Lost mutation: You are weak. (Str -2) [potion of mutation]
   300 | D        | Lost mutation: You have an increased reservoir of magic. (+10% MP) [potion of mutation]
   300 | D        | Gained mutation: You have a somewhat thin skeletal structure. (Dex +2, Stealth) [potion of mutation]
   300 | D        | Gained mutation: You occasionally shout uncontrollably at your foes. [potion of mutation]
   300 | D        | Gained mutation: Your spells are a little harder to cast, but a little more powerful. [potion of mutation]
   301 | D        | Killed a hellion
   330 | D        | Noticed a water elemental
   333 | D        | Killed a water elemental
   333 | D        | Reached skill level 7 in Spellcasting
   333 | D        | Reached skill level 5 in Fire Magic
   333 | D        | Reached XP level 4. HP: 27/27 MP: 8/15
   339 | D        | Learned a level 4 spell: Sticky Flame
   365 | D        | Killed a hellion
   386 | D        | Found a radiant altar of Vehumet.
   387 | D        | Found a deep blue altar of Sif Muna.
   387 | D        | Found an ancient bone altar of Kikubaaqudgha.
   387 | D        | Noticed a wizard
   390 | D        | Killed a wizard
   390 | D        | Reached skill level 5 in Dodging
   390 | D        | Reached XP level 5. HP: 21/32 MP: 3/17
   400 | D        | Became a worshipper of Vehumet
   407 | D        | Learned a level 5 spell: Fireball
   511 | D        | Found a glowing silver altar of Zin.
   512 | D        | Found a glowing golden altar of the Shining One.
   512 | D        | Found a white marble altar of Elyvilon.
   512 | D        | Noticed a deep elf mage
   519 | D        | Killed a deep elf mage
   519 | D        | Reached skill level 10 in Spellcasting
   519 | D        | Reached skill level 5 in Conjurations
   519 | D        | Reached XP level 6. HP: 39/39 MP: 13/21
   519 | D        | Reached XP level 7. HP: 44/44 MP: 14/23
   566 | D        | Found a hide-covered altar of Uskayaw.
   566 | D        | Found a roughly hewn altar of Beogh.
   566 | D        | Found an iron altar of Okawaru.
   566 | D        | Found a bloodstained altar of Trog.
   566 | D        | Found an ornate altar of the Wu Jian Council.
   566 | D        | Noticed a human
   569 | D        | Noticed a human
   571 | D        | Killed a human
   571 | D        | Reached skill level 5 in Short Blades
   571 | D        | Reached skill level 11 in Spellcasting
   572 | D        | Killed a human
   572 | D        | Reached * piety under Vehumet
   572 | D        | Offered knowledge of Shock by Vehumet.
   575 | D        | Learned a level 1 spell: Shock
   637 | D        | Killed a yaktaur
   651 | D        | Found a basalt altar of Yredelemnul.
   651 | D        | Found a shadowy altar of Dithmenos.
   651 | D        | Found a sacrificial altar of Ru.
   665 | D        | Killed a yaktaur
   700 | D        | Reached ** piety under Vehumet
   700 | D        | Offered knowledge of Sting by Vehumet.
   700 | D        | Reached skill level 5 in Armour
   703 | D        | Learned a level 1 spell: Sting
   704 | D        | Noticed a shadow
   707 | D        | Killed a shadow
   707 | D        | Reached skill level 5 in Fighting
   707 | D        | Reached skill level 12 in Spellcasting
   707 | D        | Reached skill level 1 in Air Magic
   707 | D        | Reached skill level 1 in Poison Magic
   707 | D        | Reached XP level 8. HP: 44/49 MP: 19/26
   749 | D        | Found a blossoming altar of Fedhas.
   749 | D        | Found a stormy altar of Qazlal.
   750 | D        | Found a snail-covered altar of Cheibriados.
   750 | D        | Found a burning altar of Makhleb.
   750 | D        | Found a hazy altar of Hepliaklqana.
   750 | D        | Found a shimmering altar of Xom.
   750 | D        | Found an opulent altar of Gozag.
   750 | D        | Found a sparkling altar of Nemelex Xobeh.
   750 | D        | Found a corrupted altar of Lugonu.
   750 | D        | Found a viscous altar of Jiyva.
   821 | D        | Noticed Snorg
   839 | D        | HP: 2/49 [Snorg (15)]
   839 | D        | Slain by Snorg

Vault maps used:
D:        dungeon_sprint_mu

Skill      XL: |  1  2  3  4  5  6  7  8 |
---------------+-------------------------+-----
Spellcasting   | 5 7 10 12 | 12.1
Fighting       | 1 2 4 5 |  5.1
Armour         | 1 2 4 5 |  5.2
Dodging        | 3 4 5 6 7 8 |  8.0
Conjurations   | 2 3 4 5 6 7 |  7.0
Fire Magic     | 4 5 6 7 |  7.9
Short Blades   | 2 4 5 |  5.8
Air Magic      | 1 |  1.8
Poison Magic   | 1 |  1.5
Stealth        | |  2.4

Action                   |  1- 3 |  4- 6 |  7- 9 || total
-------------------------+-------+-------+-------++-------
Melee: Dagger            |       |     1 |     3 ||     4
 Cast: Flame Tongue      |    22 |     1 |    27 ||    50
       Throw Flame       |     2 |       |       ||     2
       Conjure Flame     |     1 |       |     5 ||     6
       Sticky Flame      |       |     3 |     4 ||     7
       Fireball          |       |       |     1 ||     1
       Sting             |       |       |     2 ||     2
  Use: Potion            |     3 |       |     1 ||     4
       Scroll            |     2 |       |     2 ||     4
 Stab: Sleeping          |       |     1 |       ||     1
Armor: Robe              |     2 |       |     1 ||     3
Dodge: Dodged            |     7 |     5 |    15 ||    27
